 Dungeon Crawl Stone Soup version 0.29.1 (webtiles) character file.

Game seed: 2703458542220582863

88 Icepheonix32 the Changer (level 4, -3/32 HPs)
             Began as a Merfolk Transmuter on Sept 14, 2022.
             Killed by nerve-wracking pain
             ... invoked by Jessica
              (13 damage)
             ... on level 3 of the Dungeon.
             The game lasted 00:06:20 (2807 turns).

Icepheonix32 the Changer (Merfolk Transmuter)       Turns: 2807, Time: 00:06:21

Health: -3/32      AC:  4    Str: 10    XL:     4   Next: 54%
Magic:  7/7        EV: 13    Int: 14    God:
Gold:   287        SH:  0    Dex: 14    Spells: 1/7 levels left

rFire   . . .      SeeInvis .     - Unarmed
rCold   . . .      Faith    .   (no shield)
rNeg    . . .      Spirit   .   a - +0 robe
rPois   +          Reflect  .   (no helmet)
rElec   .          Harm     .   (no cloak)
rCorr   .          Rampage  .   l - +1 pair of gloves
Will    .....                   (no boots)
Stlth   +.........              d - amulet of the acrobat
HPRegen 0.10/turn               p - ring of poison resistance
MPRegen 0.10/turn               (no ring)

@: confused
A: (nimble swimmer 2), mertail
a: no special abilities


You were on level 3 of the Dungeon.
You visited 1 branch of the dungeon, and saw 3 of its levels.

You collected 287 gold pieces.

Inventory:

Hand Weapons
 c - a +0 spear
 j - a +0 rapier
Armour
 a - a +0 robe (worn)
 l - a +1 pair of gloves (worn)
Jewellery
 d - an amulet of the acrobat (around neck)
 p - a ring of poison resistance (left hand)
Scrolls
 f - a scroll of fog
 g - 3 scrolls of teleportation
Potions
 b - 2 potions of lignification
 e - a potion of brilliance {unknown}
 h - 2 potions of curing {unknown}
 m - a potion of degeneration {unknown}
 n - a potion of might {unknown}
 o - a potion of magic {unknown}


   Skills:
 + Level 1.1 Fighting
 + Level 3.6 Dodging
 + Level 3.9 Unarmed Combat
 + Level 2.4 Spellcasting
 * Level 4.2 Transmutations
 * Level 0.6 Poison Magic


You had one spell level left.
You knew the following spells:

 Your Spells              Type           Power      Damage    Failure   Level
a - Beastly Appendage     Tmut           26%        N/A       4%          1
b - Wereblood             Tmut           13%        N/A       6%          2
c - Spider Form           Tmut/Pois      8%         N/A       26%         3

Your spell library contained the following spells:

 Spells                   Type           Power      Damage    Failure   Level
 Sublimation of Blood     Necr           1%         N/A       34%         2
 Ozocubu's Armour         Ice            1%         N/A       56%         3
 Ice Form                 Ice/Tmut       7%         N/A       67%         4
 Petrify                  Tmut/Erth      7%         N/A       67%         4
 Irradiate                Conj/Tmut      3%         3d12      95%         5
 Ozocubu's Refrigeration  Ice            0%         4d7       100%        7


Dungeon Overview and Level Annotations

Branches:
Dungeon (3/15)

Altars:
Ashenzari
Okawaru

Shops:
D:1 *(   D:2 (

Annotations:
D:3 Ijyb, Jessica


Innate Abilities, Weirdness & Mutations

((You are very nimble when in or above water. (Stealth+, EV+, Speed+++)))
Your lower body shifts to a powerful aquatic tail in water.


Message History

You hit the adder.
You kill the adder!
You extend your transformation's duration.
Your transformation is almost over.
Magic restored.
Your horns disappear.
g - 3 scrolls of teleportation Ijyb the Twisted Goblin comes into view.
She is wielding a +2 dagger of electrocution and carrying a wand of charming (12).
Ijyb shouts!
Ijyb zaps a wand.
Your will is overpowered!
You are confused.
You bump into the rock wall.
You bump into the tree.
Ijyb screams, "Level is mine!
All mine!"
Ijyb zaps a wand.
You resist with some effort.
Jessica the Apprentice Sorceress comes into view.
She is wielding a +0 dagger.
You feel less confused.
Jessica mumbles something strange.
Jessica mumbles some strange words.
Jessica seems to speed up.
Ijyb zaps a wand.
Your will is overpowered!
You are confused.
You're too confused to cast spells.
Sorry, you're not good enough to have a special ability.
You closely miss Ijyb. Ijyb closely misses you.
You bump into the rock wall.
Ijyb zaps a wand.
Your will is overpowered!
You are more confused.
You bump into the tree.
Jessica mumbles some strange words.
Jessica blinks!
Ijyb zaps a wand.
Your will is overpowered!
You are more confused.
Unknown command.
You bump into the rock wall.
Ijyb hits you with a +2 dagger of electrocution.
Ijyb hits you but does no damage.
You are electrocuted!!
Ouch! That really hurt!
Unknown command.
You bump into the tree.
Jessica gestures at you while chanting. Pain shoots through your body!
You die...

#... #### #... ###.
...##... . # ##...
##...#.. ..###. #..#
##.......
......####.#####........
...@...g..............†.
.♣♣♣..@♣♣♣...♣♣♣.......
#♣.♣# #♣.♣# #♣...... ♣♣
♣.♣ ♣...#.. #♣.♣#
#♣..#### ..♣♣♣...♣♣♣..##
...............#
♣...♣♣♣...♣♣♣..# #♣
#♣.♣# #♣.# ♣.♣ ♣.#


You could see Ijyb and Jessica (fast).

Vanquished Creatures
  An adder (D:3)
  3 worms
  A dart slug (D:3)
  An orc (D:3)
  7 bats
  9 endoplasms
  5 giant cockroaches
  5 hobgoblins
  5 kobolds
  A quokka (D:3)
  8 ball pythons
  5 frilled lizards
  7 goblins
  4 rats
62 creatures vanquished.

Vanquished Creatures (others)
  15 plants (D:3)
15 creatures vanquished.

Grand Total: 77 creatures vanquished

Notes
Turn   | Place    | Note
-------+----------+-------------------------------------------
     0 | D:1      | Icepheonix32 the Merfolk Transmuter began the quest for the
                  | Orb.
     0 | D:1      | Reached XP level 1. HP: 15/15 MP: 3/3
    57 | D:1      | Found Nunutt's General Store.
   274 | D:1      | Reached XP level 2. HP: 20/21 MP: 3/5
   275 | D:1      | Reached skill level 3 in Transmutations
   749 | D:1      | Found Jydux's Weapon Shoppe.
   815 | D:1      | Reached XP level 3. HP: 23/26 MP: 6/6
   887 | D:1      | Learned a level 2 spell: Wereblood
   891 | D:1      | Learned a level 3 spell: Spider Form
  1698 | D:2      | Found a broken altar of Ashenzari.
  1804 | D:2      | Found Duogharr's Weapon Shoppe.
  1835 | D:2      | Found a faded altar of an unknown god.
  2169 | D:3      | Reached skill level 4 in Transmutations
  2185 | D:3      | Found a broken altar of Ashenzari.
  2198 | D:3      | Reached XP level 4. HP: 24/32 MP: 5/7
  2414 | D:3      | Found an iron altar of Okawaru.
  2796 | D:3      | Noticed Ijyb
  2801 | D:3      | Noticed Jessica
  2807 | D:3      | Killed from afar by Jessica

Illustrated notes

Levels and vault maps discovered:
D:1:      dpeg_arrival_tiny_a, layout_loops_corners, serial_shops,
          nicolae_square_shop, shop_coins
D:2:      layout_rooms, basic_altar, serial_shops,
          nicolae_shop_bloodbath_and_beyond, basic_ecumenical_altar,
          minmay_heptomino_o4
D:3:      layout_rooms, kennysheep_okawaru_gauntlet, jmf_multi_god_temple,
          mainiacjoe_overflow_concentric_impassable,
          gammafunk_temple_overflow_elements, minmay_stone_trees_large,
          serial_bayou_lake_a, uniq_crazy_yiuf_cottage, uniq_jessica, uniq_ijyb

Skill      XL: |  1  2  3 |
---------------+----------+-----
Transmutations | 3 4 |  4.2
Dodging        | 3 |  3.6
Fighting       | |  1.1
Unarmed Combat | |  3.9
Spellcasting   | |  2.4
Poison Magic   | |  0.6

Action                   |  1- 3 |  4- 6 || total
-------------------------+-------+-------++-------
Melee: Unarmed           |   135 |    41 ||   176
       Headbutt          |    13 |     7 ||    20
       Punch             |     2 |     2 ||     4
       Tailslap          |       |     1 ||     1
 Cast: Beastly Appendage |    26 |     7 ||    33
  Use: Scroll            |     6 |       ||     6
 Stab: Sleeping          |     2 |       ||     2
Armor: Robe              |    30 |     6 ||    36
Dodge: Dodged            |   115 |    30 ||   145
